 Dungeon Crawl Stone Soup version 0.22-a0-533-g4d20840 (webtiles) character file.

80 iamserjio the Ruffian (level 4, -5/23 HPs)
             Began as a Vine Stalker Skald on June 22, 2018.
             Slain by an ogre
             ... wielding a +0 giant spiked club
              (8 damage)
             ... on level 4 of the Dungeon.
             The game lasted 00:05:38 (570 turns).

iamserjio the Ruffian (Vine Stalker Skald)           Turns: 570, Time: 00:05:39

Health: -5/23      AC:  3    Str: 14    XL:     4   Next: 39%
Magic:  0/8        EV: 11    Int: 14    God:
Gold:   129        SH:  0    Dex: 13    Spells: 1/7 levels left

rFire    . . .     SeeInvis .   f - +0 spear
rCold    . . .     Gourm    .   (no shield)
rNeg     . . .     Faith    .   a - +0 leather armour
rPois    .         Spirit   +   (no helmet)
rElec    .         Reflect  .   (no cloak)
rCorr    .         Harm     .   (no gloves)
MR       .....                  (no boots)
Stlth    +.........             (no amulet)
HPRegen  0.47/turn              (no ring)
MPRegen  0.11/turn              (no ring)

@: no status effects
A: fangs 2, regeneration 1, magic shield, antimagic bite, no potion heal 3, rot
immunity
a: no special abilities


You were on level 4 of the Dungeon.
You were not hungry.

You visited 1 branch of the dungeon, and saw 4 of its levels.

You collected 129 gold pieces.

Inventory:

Hand Weapons
 d - a +0 dagger
 f - a +0 spear (weapon)
Missiles
 b - 12 poisoned needles
Armour
 a - a +0 leather armour (worn)
Scrolls
 e - 2 scrolls of fear {unknown}
 g - 3 scrolls of identify {unknown}
 h - 3 scrolls of remove curse {unknown}
Comestibles
 c - a ration


   Skills:
 + Level 2.6 Fighting
 - Level 0.7 Armour
 - Level 1.5 Dodging
 * Level 3.9 Unarmed Combat
 - Level 2.1 Spellcasting
 - Level 3.0 Charms


You had one spell level left.
You knew the following spells:

 Your Spells              Type           Power        Failure   Level  Hunger
a - Infusion              Chrm           #...         9%          1    #......
b - Song of Slaying       Chrm           #.......     13%         2    ###....
c - Regeneration          Chrm/Necr      #.........   43%         3    ###....

Your spell library contained the following spells:

 Spells                   Type           Power        Failure   Level  Hunger
 Shroud of Golubria       Chrm/Tloc      #.........   24%         2    ###....
 Spectral Weapon          Hex/Chrm       #.......     43%         3    ###....


Dungeon Overview and Level Annotations

Branches:
Dungeon (4/15)
 Temple: D:4-7

Altars:


Innate Abilities, Weirdness & Mutations

You have extremely sharp teeth.
Your natural rate of healing is unusually fast.
When hurt, damage is shared between your health and your magic reserves.
Your bite disrupts and absorbs the magic of your enemies.
Potions cannot restore your health.
You are immune to rotting.


Message History

The ogre barely misses you.
You see here 9 gold pieces.
Evoke which item? (* to show all) (? for menu, Esc to quit)
Okay, then.
You hit the ogre.
The ogre is heavily wounded.
The ogre hits you with a giant spiked club!
* * * LOW HITPOINT WARNING * * *
Your magical infusion is running out.
You are no longer magically infusing your attacks.
You barely miss the ogre. Your bite misses the ogre.
The ogre is moderately wounded.
The ogre hits you with a giant spiked club!
* * * LOW HITPOINT WARNING * * *
You hit the ogre. You bite the ogre. You drain its power.
You feel invigorated.
The ogre is heavily wounded.
You hit the ogre. Your bite misses the ogre.
The ogre is heavily wounded.
The ogre hits you with a giant spiked club!
You die...

#.............
#.............
#.............
#.............
#####.............
#.................
#.......#########.
#.......# #.
#@O.....# #.
#.......# #.
#.......# #.
#.......# #.
#.......# #.
#.......# #.
#########


You could see an ogre.

Vanquished Creatures
  A worker ant (D:4)
  An adder (D:3)
  An ooze (D:3)
  A worm (D:2)
  2 dart slugs
  A leopard gecko (D:2)
  An orc (D:3)
  A giant cockroach (D:3)
  4 hobgoblins
  4 bats
  3 frilled lizards
  4 goblins
  7 kobolds
  7 rats
38 creatures vanquished.

Notes
Turn   | Place    | Note
-------+----------+-------------------------------------------
     0 | D:1      | iamserjio the Vine Stalker Skald began the quest for the Orb.
     0 | D:1      | Reached XP level 1. HP: 11/11 MP: 4/4
   113 | D:1      | Reached XP level 2. HP: 12/15 MP: 6/6
   296 | D:2      | Reached XP level 3. HP: 12/18 MP: 4/7
   351 | D:2      | Learned a level 2 spell: Song of Slaying
   376 | D:3      | Learned a level 3 spell: Regeneration
   535 | D:4      | Gained mutation: Your natural rate of healing is unusually fast. [Vine Stalker growth]
   535 | D:4      | Reached XP level 4. HP: 18/23 MP: 3/8
   538 | D:4      | Noticed an ogre
   570 | D:4      | Slain by an ogre

Vault maps used:
D:1:      dpeg_arrival_boxes_within_box
D:3:      minmay_item_behind_shaft, nemelex_diamond_rough_becter
D:4:      lemuel_coloured_pillars_altar, first_ration, uniq_menkaure

Skill      XL: |  1  2 |
---------------+-------+-----
Fighting       | 2 |  2.6
Unarmed Combat | 3 |  3.9
Armour         | |  0.7
Dodging        | |  1.5
Spellcasting   | |  2.1
Charms         | |  3.0

Action                   |  1- 3 |  4- 6 || total
-------------------------+-------+-------++-------
Melee: Dagger            |    16 |       ||    16
       Spear             |   136 |     7 ||   143
       Bite              |    27 |     3 ||    30
       Punch             |     1 |     1 ||     2
       Unarmed           |     1 |       ||     1
 Cast: Infusion          |     8 |     1 ||     9
       Regeneration      |     2 |       ||     2
Armor: Leather armour    |    39 |       ||    39
Dodge: Dodged            |    72 |     2 ||    74

Table legend:
 A = Spawn XP
 B = Non-spawn XP
 C = Spawn XP percentage of total XP
 D = Spawn monster count
 E = Non-spawn monster count
 F = Spawn count percentage of total count
 G = Total turns spent on level
                    A         B        C        D         E        F      G
               +---------+---------+-------+---------+---------+-------+---------
         Total |       0 |     115 |   0.0 |       0 |      38 |   0.0 |   570
               +---------+---------+-------+---------+---------+-------+---------
           D:1 |       0 |      16 |   0.0 |       0 |      11 |   0.0 |   220
           D:2 |       0 |      23 |   0.0 |       0 |      11 |   0.0 |   138
           D:3 |       0 |      42 |   0.0 |       0 |      15 |   0.0 |   141
           D:4 |       0 |      34 |   0.0 |       0 |       1 |   0.0 |    71
               +---------+---------+-------+---------+---------+-------+---------
